 Dungeon Crawl Stone Soup version 0.26.1-2-gb8aa6d0cf2 (webtiles) character file.

Game seed: 14856394538580256163

4599 funkygono the Firebug (level 10, -5/65 HPs)
             Began as a Demonspawn Fire Elementalist on Feb 19, 2021.
             Was a Believer of Kikubaaqudgha.
             Killed by the air
             ... invoked by Gastronok
              (22 damage)
             ... on level 9 of the Dungeon.
             The game lasted 00:27:24 (12195 turns).

funkygono the Firebug (DsFE)                       Turns: 12195, Time: 00:27:24

Health: -5/65      AC:  9    Str: 10    XL:     10   Next: 19%
Magic:  18/21      EV: 14    Int: 24    God:    Kikubaaqudgha [**....]
Gold:   684        SH:  0    Dex: 20    Spells: 14/24 levels left

rFire    . . .     SeeInvis .     - Unarmed
rCold    . . .     Faith    .   (no shield)
rNeg     . . .     Spirit   .   a - +0 robe
rPois    .         Reflect  .   n - +1 helmet
rElec    .         Harm     .   c - +1 cloak
rCorr    .         Rampage  .   (gloves unavailable)
Will     +....                  B - +0 pair of boots of the Candlemaker {Dex+6}
Stlth    ++........             (no amulet)
HPRegen  0.20/turn              s - +6 ring of intelligence
MPRegen  0.17/turn              q - ring of willpower

@: no status effects
A: claws 3, iridescent scales 1, powered by pain 3
a: Renounce Religion, Receive Corpses


You were on level 9 of the Dungeon.
You worshipped Kikubaaqudgha.
Kikubaaqudgha was pleased with you.
You visited 2 branches of the dungeon, and saw 10 of its levels.
You also visited: Ossuary.

You collected 883 gold pieces.
You spent 199 gold pieces at shops.

Inventory:

Hand Weapons
 e - a +0 whip
 l - a +4 quarterstaff of chaos
 t - a +3 flail of protection
Armour
 a - a +0 robe (worn)
 c - a +1 cloak (worn)
 n - a +1 helmet (worn)
 v - a cursed +0 pair of gloves
 A - a +0 buckler
 B - the +0 pair of boots of the Candlemaker (worn) {Dex+6}
   (You bought it in a shop on level 7 of the Dungeon)

   It affects your dexterity (+6).
Magical Staves
 u - an uncursed staff of air
Jewellery
 m - an uncursed ring of ice
 q - a ring of willpower (right claw)
 r - an uncursed ring of see invisible
 s - a +6 ring of intelligence (left claw)
Wands
 k - a wand of paralysis (7)
 w - a wand of random effects (12)
 y - a wand of polymorph (10)
Scrolls
 b - a scroll of blinking
 d - 6 scrolls of teleportation
 g - 2 scrolls of fear
 o - a scroll of enchant weapon {unknown}
 p - 2 scrolls of remove curse
 x - a scroll of amnesia {unknown}
Potions
 h - a potion of lignification
 i - 2 potions of resistance
 j - 2 potions of mutation
 z - a potion of brilliance
 D - a potion of flight
 E - a potion of ambrosia {unknown}


   Skills:
 + Level 1.1 Fighting
 + Level 1.4 Maces & Flails
 + Level 3.4 Dodging
 + Level 2.4 Stealth
 + Level 1.4 Unarmed Combat
 + Level 7.6 Spellcasting
 + Level 7.5 Conjurations
 * Level 4.5 Necromancy
 + Level 7.6 Fire Magic


You had 14 spell levels left.
You knew the following spells:

 Your Spells              Type           Power        Failure   Level
a - Foxfire               Conj/Fire      100%         1%          1
b - Fireball              Conj/Fire      22%          9%          5
c - Pain                  Necr           100%         1%          1
d - Vampiric Draining     Necr           15%          3%          3

Your spell library contained the following spells:

 Spells                   Type           Power        Failure   Level
 Sublimation of Blood     Necr           15%          1%          2
 Conjure Flame            Conj/Fire      45%          1%          3
 Sticky Flame             Conj/Fire      45%          3%          4
 Corpse Rot               Necr/Air       N/A          4%          2
 Inner Flame              Hex/Fire       27%          4%          3


Dungeon Overview and Level Annotations

Branches:
Dungeon (9/15)             Temple (1/1) D:6         Ossuary (visited)
   Lair: D:8-11         Orc: D:9-12

Altars:
Ashenzari
Cheibriados
Dithmenos
Elyvilon
Fedhas
Gozag
Hepliaklqana
Kikubaaqudgha
Makhleb
Nemelex Xobeh
Okawaru
Qazlal
Ru
Sif Muna
Trog
Uskayaw
Vehumet
Wu Jian
Xom
Yredelemnul
Zin
The Shining One

Shops:
D:7 [   D:8 (

Annotations:
D:4 3 runed translucent doors, Nebesus's ghost, novice FoAK
D:9 Gastronok


Innate Abilities, Weirdness & Mutations

You have claws for hands.
You are partially covered in iridescent scales. (AC +2)
You are powered by pain.


Message History

Gastronok is heavily wounded.
The bat closely misses you.
Casting: Foxfire (safe; 1% risk of failure)
Confirm with . or Enter, or press ? or * to list all spells.
You conjure some foxfire!
The foxfire hits the bat.
The bat is moderately wounded.
The bat misses you.
The foxfire hits the bat!
You kill the bat!
The bat's corpse disappears in a puff of smoke!
Gastronok mumbles some strange words.
You feel sluggish.
Your foxfire dissipates!
The foxfire hits the quokka.
The quokka is heavily wounded.
The bat misses you. The quokka closely misses you. The bat closely misses you.
Gastronok waves his eye-stalks in wide circles.
The air twists around and strikes you!!
You die...
Kikubaaqudgha rasps: "You have failed me!
Welcome... death!"

#.......#
#####..<....#
#...'.......#
#.###.......#
#.......#
#...w...#
#..b....#
#..r....#
#..@....#
#<......#
#########


You could see Gastronok (swift), a quokka (summoned) and a bat (summoned).

Vanquished Creatures
  Erica (D:8)
  Prince Ribbit (D:6)
  Eustachio (D:5)
  Edmund (D:5)
  An orc warrior (D:8)
  2 black bears
  A phantom (D:7)
  3 sky beasts
  3 centaurs (D:8)
  5 ogres
  5 bullfrogs
  A wyvern zombie (D:8)
  2 water moccasin zombies
  3 scorpions (D:4)
  6 killer bees (D:8)
  5 howler monkeys
  3 jellies
  2 quasits (D:7)
  4 hounds
  Crazy Yiuf (D:5)
  2 centaur zombies (Ossuary)
  An orc priest (D:4)
  A gnoll shaman (D:4)
  A human zombie (Ossuary)
  2 orc wizards
  2 centaur skeletons
  3 iguanas
  5 worker ants
  A big kobold zombie (Ossuary)
  A hound zombie (D:7)
  A hound skeleton (D:5)
  2 mummies (Ossuary)
  A worker ant zombie (D:6)
  5 gnolls (D:4)
  11 adders
  2 white imps
  2 ufetubi (D:6)
  A worm (D:3)
  4 dart slugs
  4 leopard geckos
  9 orcs
  5 bats
  7 giant cockroaches
  10 goblins
  4 hobgoblins
  8 jackals
  3 quokkas
  3 ball pythons
  5 frilled lizards
  2 gnoll zombies (Ossuary)
  A goblin zombie (Ossuary)
  2 hobgoblin zombies (Ossuary)
  A jackal zombie (D:6)
  3 kobolds
  5 orc zombies (Ossuary)
  3 quokka skeletons
  7 rats
181 creatures vanquished.

Vanquished Creatures (collateral kills)
  2 foxfires (D:5)
2 creatures vanquished.

Vanquished Creatures (others)
  967 foxfires
  12 plants (D:5)
979 creatures vanquished.

Grand Total: 1162 creatures vanquished

Notes
Turn   | Place    | Note
-------+----------+-------------------------------------------
     0 | D:1      | funkygono the Demonspawn Fire Elementalist began the quest
                  | for the Orb.
     0 | D:1      | Reached XP level 1. HP: 13/13 MP: 3/3
   330 | D:1      | Gained mutation: You sometimes gain a little power by
                  | taking damage. [demonic ancestry]
   330 | D:1      | Reached XP level 2. HP: 19/19 MP: 3/5
  1329 | D:1      | Reached XP level 3. HP: 24/24 MP: 3/6
  2778 | D:3      | Gained mutation: You sometimes gain power by taking damage.
                  | [demonic ancestry]
  2778 | D:3      | Reached XP level 4. HP: 30/30 MP: 3/8
  3501 | D:4      | Found an iron altar of Okawaru.
  3614 | D:4      | Reached XP level 5. HP: 35/35 MP: 3/10
  3961 | D:4      | Gained mutation: You are partially covered in iridescent
                  | scales. (AC +2) [demonic ancestry]
  3961 | D:4      | Reached XP level 6. HP: 40/41 MP: 5/11
  4449 | D:4      | Reached skill level 1 in Maces & Flails
  4896 | D:4      | Gained mutation: You have sharp fingernails. [demonic
                  | ancestry]
  4896 | D:4      | Reached XP level 7. HP: 46/46 MP: 8/13
  5094 | D:4      | Found a runed translucent gate.
  5094 | D:4      | Found a runed translucent gate.
  5094 | D:4      | Found a runed translucent gate.
  5095 | D:4      | Noticed Nebesus's ghost (novice FoAK)
  5197 | D:4      | Learned a level 5 spell: Fireball
  5211 | D:5      | Entered Level 5 of the Dungeon
  5544 | D:5      | Reached skill level 5 in Fire Magic
  5660 | D:5      | Reached skill level 5 in Spellcasting
  5957 | D:5      | Noticed Eustachio
  6033 | D:5      | Noticed Edmund
  6326 | D:5      | Killed Edmund
  6327 | D:5      | Gained mutation: You have very sharp fingernails. [demonic
                  | ancestry]
  6327 | D:5      | Reached XP level 8. HP: 18/53 MP: 1/16
  6818 | D:5      | Found a runed translucent door.
  6819 | D:5      | Noticed Crazy Yiuf
  6979 | D:5      | HP: 2/53 [Eustachio/+3 rapier of freezing (5)]
  7314 | D:5      | Killed Eustachio
  7315 | D:5      | Reached skill level 5 in Conjurations
  7788 | D:5      | Killed Crazy Yiuf
  7945 | D:6      | Found a staircase to the Ecumenical Temple.
  7961 | Temple   | Entered the Ecumenical Temple
  7971 | Temple   | Became a worshipper of Kikubaaqudgha
  8306 | D:6      | Noticed Prince Ribbit
  8318 | D:6      | Killed Prince Ribbit
  8319 | D:6      | Found a sand-covered staircase.
  8375 | Ossuary  | Entered an ossuary
  8622 | Ossuary  | Reached * piety under Kikubaaqudgha
  8622 | Ossuary  | Identified Kikubaaqudgha's Guide on Darkness (Kikubaaqudgha
                  | gifted it to you in an ossuary)
  8622 | Ossuary  | Received a gift from Kikubaaqudgha
  8630 | Ossuary  | Learned a level 1 spell: Pain
  9287 | D:7      | Reached skill level 1 in Necromancy
  9287 | D:7      | Gained mutation: You have claws for hands. [demonic
                  | ancestry]
  9287 | D:7      | Reached XP level 9. HP: 51/58 MP: 12/18
  9771 | D:7      | Found Kunwuits's Antique Armour Shop.
  9780 | D:7      | Bought a pair of smoking boots for 199 gold pieces
  9785 | D:7      | Identified the +0 pair of boots of the Candlemaker {Dex+6}
                  | (You bought it in a shop on level 7 of the Dungeon)
 10734 | D:8      | Reached skill level 1 in Fighting
 10780 | D:8      | Reached skill level 1 in Unarmed Combat
 10792 | D:8      | HP: 2/59 [poisoned by a killer bee]
 11288 | D:8      | Reached ** piety under Kikubaaqudgha
 11315 | D:8      | Found Silecweub's Weapon Shoppe.
 11336 | D:8      | Found a shimmering altar of Xom.
 11468 | D:8      | Noticed Erica
 11809 | D:8      | Killed Erica
 11810 | D:8      | Gained mutation: You are powered by pain. [demonic
                  | ancestry]
 11810 | D:8      | Reached XP level 10. HP: 65/65 MP: 12/21
 12145 | D:8      | Learned a level 3 spell: Vampiric Draining
 12170 | D:9      | Noticed Gastronok
 12195 | D:9      | Killed from afar by Gastronok

Illustrated notes

Levels and vault maps discovered:
D:1:      elethiomel_arrival_maze, layout_basic, minmay_quantized
D:2:      minmay_wonky_spiral, layout_basic
D:3:      layout_basic
D:4:      layout_cave_pods, okawaru_ov_weapons_minmay,
          ebering_ghost_rock_garden, lemuel_statue_altar
D:5:      layout_basic, serial_bayou_pond_c, uniq_eustachio,
          uniq_crazy_yiuf_cottage, uniq_edmund
D:6:      layout_gridville, minmay_temple_entry_tees, enter_ossuary_1,
          uniq_prince_ribbit1
D:7:      layout_loops_corners, serial_shops, nicolae_shop_trees
D:8:      layout_cave_pools, basic_altar, serial_shops,
          nicolae_shop_statue_plus, uniq_erica
D:9:      layout_roguey, minmay_misc_feat_pillars, minmay_misc_feat_doors,
          dk_noncrumbling_4, uniq_gastronok
Temple:   dpeg_three_leaves_temple

Skill      XL: |  1  2  3  4  5  6  7  8  9 |
---------------+----------------------------+-----
Fire Magic     | 3 4 5 6 7 |  7.6
Conjurations   | 2 3 4 6 7 |  7.5
Spellcasting   | 3 4 5 6 7 |  7.6
Dodging        | 2 3 |  3.4
Maces & Flails | 1 |  1.4
Stealth        | 2 |  2.4
Necromancy     | 1 4 |  4.5
Fighting       | 1 |  1.1
Unarmed Combat | 1 |  1.4

Action                   |  1- 3 |  4- 6 |  7- 9 | 10-12 || total
-------------------------+-------+-------+-------+-------++-------
Melee: Club              |    22 |       |       |       ||    22
       Whip              |       |    13 |    19 |       ||    32
       Flail             |       |       |    13 |       ||    13
       Unarmed           |       |       |    29 |     1 ||    30
 Cast: Foxfire           |    70 |   122 |   326 |    41 ||   559
       Pain              |       |       |     9 |     1 ||    10
       Fireball          |       |       |     1 |       ||     1
Invok: Receive Corpses   |       |       |     1 |       ||     1
  Use: Scroll            |     5 |     5 |     7 |     1 ||    18
       Potion            |       |     1 |     7 |       ||     8
Armor: Robe              |    18 |    11 |   110 |       ||   139
Dodge: Dodged            |    31 |    37 |   181 |    10 ||   259
